 Dungeon Crawl Stone Soup version 0.30-a0-29-g142975f185 (webtiles) character file.

Game seed: 15119363152889020416

347 timneilson the Shield-Bearer (level 6, -2/38 HPs)
             Began as a Gargoyle Fighter on Aug 27, 2022.
             Slain by an ogre
             ... wielding a +0 giant club
              (22 damage)
             ... on level 4 of the Dungeon.
             The game lasted 00:06:35 (2784 turns).

timneilson the Shield-Bearer (Gargoyle Fighter)     Turns: 2784, Time: 00:06:36

Health: -2/38      AC: 16    Str: 21    XL:     6   Next: 59%
Magic:  6/6        EV:  7    Int:  9    God:
Gold:   159        SH:  5    Dex:  9    Spells: 5/5 levels left

rFire   . . .      SeeInvis .    b - +1 demon blade (venom)
rCold   . . .      Faith    .    c - +1 buckler
rNeg    + . .      Spirit   .    f - +0 chain mail
rPois   ∞          Reflect  .    (no helmet)
rElec   +          Harm     .    g - +0 cloak
rCorr   .          Rampage  .    (no gloves)
Will    .....                    j - +0 pair of boots
Stlth   ..........               (no amulet)
HPRegen 0.12/turn                (no ring)
MPRegen 0.10/turn                (no ring)

@: no status effects
A: sickness immunity, AC +4, negative energy resistance 1, electricity
resistance, torment resistance 1, petrification resistance
a: no special abilities


You were on level 4 of the Dungeon.
You visited 1 branch of the dungeon, and saw 4 of its levels.

You collected 159 gold pieces.

Inventory:

Hand Weapons
 a - a +1 long sword
 b - a +1 demon blade of venom (weapon)
Armour
 c - a +1 buckler (worn)
 f - a +0 chain mail (worn)
 g - a +0 cloak (worn)
 h - a +0 plate armour
 j - a +0 pair of boots (worn)
Scrolls
 i - 3 scrolls of enchant weapon
 k - a scroll of magic mapping
 m - a scroll of teleportation
Potions
 d - 2 potions of might
 e - a potion of attraction {unknown}
 l - 3 potions of cancellation
 p - a potion of curing
 q - a potion of magic


   Skills:
 + Level 4.0 Fighting
 * Level 3.4 Long Blades
 * Level 4.7 Armour
 + Level 1.5 Dodging
 * Level 4.9 Shields


You had 5 spell levels left.
You didn't know any spells.
Your spell library contained the following spells:

 Spells                   Type           Power      Damage    Failure   Level
 Apportation              Tloc           0%         N/A       99%         1
 Necrotise                Necr           0%         1d4       99%         1
 Summon Small Mammal      Summ           0%         N/A       99%         1
 Ensorcelled Hibernation  Hex/Ice        0%         N/A       100%        2
 Passwall                 Tmut/Erth      0%         N/A       100%        2
 Portal Projectile        Hex/Tloc       0%         N/A       100%        3
 Swiftness                Air            0%         N/A       100%        3
 Tukima's Dance           Hex            0%         N/A       100%        3
 Blade Hands              Tmut           0%         N/A       100%        5


Dungeon Overview and Level Annotations

Branches:
Dungeon (4/15)
 Temple: D:4-7

Altars:
Qazlal
Trog


Innate Abilities, Weirdness & Mutations

You are immune to sickness and miasma.
Your stone body is resilient. (AC +4)
You are immune to poison.
You resist negative energy. (rN+)
You are resistant to electric shocks. (rElec)
You are resistant to unholy torment.
You are immune to petrification.


Message History

You now have 159 gold pieces (gained 8).
There is an escape hatch in the ceiling here.
A jelly comes into view.
The jelly quivers.
Found a robe.
An ogre comes into view. It is wielding a +0 giant club.
The ogre shouts!
You hear a shout!
The jelly closely misses you.
You hit the jelly.
Your hands burn!
The jelly is moderately wounded.
A hobgoblin comes into view.
The jelly hits you but does no damage.
You hit the jelly.
Your hands burn!
The jelly is severely wounded.
You block the jelly's attack.
You barely miss the ogre. The ogre barely misses you.
The jelly hits you but does no damage.
You slash the jelly!
You kill the jelly!
The ogre hits you with a +0 giant club.
You barely miss the ogre. You barely miss the ogre.
You block the ogre's attack.
The hobgoblin hits you but does no damage.
The hobgoblin completely misses you.
You closely miss the ogre. The ogre hits you but does no damage.
The hobgoblin hits you but does no damage.
You slash the ogre!
The ogre is poisoned.
The ogre is heavily wounded.
The ogre hits you with a +0 giant club! You block the hobgoblin's attack.
An orc comes into view.
It is wielding a +0 whip and carrying a wand of iceblast (9).
The orc shouts!
You hit the ogre but do no damage.
The ogre looks as sick as possible!
The ogre is heavily wounded.
You hear a shout!
The hobgoblin hits you but does no damage.
You hit the ogre.
The ogre looks as sick as possible!
The ogre is severely wounded.
The ogre hits you with a +0 giant club!!
Ouch! That really hurt!
You die...

#...#... ....#..
#[.... # #.... ..
#...# ...###...## . #
#.#......#... ..
#.o.O@#......
..#...g..# ..
......#.###.... .
.#.#..#........ .. #
#....##..... ##.
##......##..
#....######.##.##
............<.##.##
..................###.


You could see an ogre (extremely poisoned), an orc and a hobgoblin.

Vanquished Creatures
  An ogre (D:4)
  Crazy Yiuf (D:2)
  A hound (D:4)
  A jelly (D:4)
  Jessica (D:2)
  3 gnolls (D:4)
  4 adders
  4 dart slugs
  An orc (D:3)
  7 bats
  9 endoplasms
  3 giant cockroaches
  8 goblins
  3 hobgoblins
  6 jackals (D:2)
  2 quokkas (D:1)
  10 ball pythons
  4 frilled lizards
  8 kobolds
  2 rats (D:1)
79 creatures vanquished.

Vanquished Creatures (others)
  3 fungi (D:2)
  3 plants (D:2)
6 creatures vanquished.

Grand Total: 85 creatures vanquished

Notes
Turn   | Place    | Note
-------+----------+-------------------------------------------
     0 | D:1      | timneilson the Gargoyle Fighter began the quest for the
                  | Orb.
     0 | D:1      | Reached XP level 1. HP: 14/14 MP: 1/1
   100 | D:1      | Reached XP level 2. HP: 9/19 MP: 2/2
   702 | D:1      | Reached XP level 3. HP: 21/23 MP: 3/3
  1048 | D:2      | Noticed Jessica
  1052 | D:2      | Killed Jessica
  1060 | D:2      | Reached XP level 4. HP: 26/28 MP: 4/4
  1427 | D:2      | Found a faded altar of an unknown god.
  1575 | D:2      | Found a runed translucent door.
  1576 | D:2      | Noticed Crazy Yiuf
  1630 | D:2      | Reached XP level 5. HP: 33/33 MP: 5/5
  1775 | D:2      | Identified a scroll of acquirement
  1775 | D:2      | Acquired a +1 demon blade of venom
  1798 | D:2      | Killed Crazy Yiuf
  1799 | D:2      | Reached skill level 1 in Dodging
  2362 | D:3      | Found a stormy altar of Qazlal.
  2362 | D:3      | Found a bloodstained altar of Trog.
  2611 | D:4      | Noticed an ogre
  2633 | D:4      | Killed an ogre
  2634 | D:4      | Reached XP level 6. HP: 29/38 MP: 6/6
  2784 | D:4      | Slain by an ogre

Illustrated notes

Levels and vault maps discovered:
D:1:      giann_forest_graveyard, layout_rooms, minmay_liquid_box,
          minmay_domino_4
D:2:      layout_rooms, shapermc_ecumenical_altar_mp_urbaneastern,
          uniq_crazy_yiuf_cottage, uniq_jessica
D:3:      layout_basic, nicolae_overflow_two_pavilions
D:4:      layout_cave_pools, nicolae_overflow_crystal_walls, kennysheep_mini

Skill      XL: |  1  2  3  4  5 |
---------------+----------------+-----
Long Blades    | 2 3 |  3.4
Shields        | 4 |  4.9
Armour         | 4 |  4.7
Dodging        | 1 |  1.5
Fighting       | 4 |  4.0

Action                   |  1- 3 |  4- 6 || total
-------------------------+-------+-------++-------
Melee: Long sword        |    72 |    95 ||   167
       Demon blade       |       |    99 ||    99
  Use: Scroll            |     5 |     7 ||    12
Armor: Scale mail        |    49 |     1 ||    50
       Chain mail        |       |   173 ||   173
Dodge: Dodged            |    39 |    85 ||   124
Block: Buckler           |    23 |    62 ||    85

Table legend: (Time is in decaauts)
 A = Elapsed time spent in this place.
 B = Non-inter-level travel time spent in this place.
 C = Inter-level travel time spent in this place.
 D = Time resting spent in this place.
 E = Time spent auto-exploring this place.
 F = Levels seen in this place.
 G = Mean time per level.
                   A        B        C        D        E       F      G
               +--------+--------+--------+--------+--------+-----+--------+
         Total |   2855 |   2769 |     86 |     30 |   2003 |   4 |  713.8 |
       Dungeon |   2855 |   2769 |     86 |     30 |   2003 |   4 |  713.8 |
               +--------+--------+--------+--------+--------+-----+--------+

Top non-repeatable levels by time:
     D:1: 1070 daAuts
     D:2: 852 daAuts
     D:3: 716 daAuts
     D:4: 216 daAuts
